TOP OF THE 1ST |
---|
New York Knights batting - Pitching for Nevada Noise : RHP José López | Pitching: RHP José López | | Batting: RHB Lonnie Anderson | 0-0: Called Strike 0-1: Foul Ball, location: 2F 0-2: Ball 1-2: Strikes out swinging | Batting: LHB Warren Potter | 0-0: Ball 1-0: Ball 2-0: Called Strike 2-1: Called Strike 2-2: DOUBLE (Line Drive, 7LM) | Batting: RHB Vic Langlois | 0-0: Foul Ball, location: 2F 0-1: Foul Ball, location: 2F 0-2: Ball 1-2: Ball 2-2: Fly out, F9 (Flyball, 89S) | Batting: RHB Pepe Carrasco | 0-0: Called Strike 0-1: Ball 1-1: Ground out 6-3 (Groundball, 6) | Top of the 1st over - 0 runs, 1 hit, 0 errors, 1 left on base; New York 0 - Nevada 0 | BOTTOM OF THE 1ST |
---|
Nevada Noise batting - Pitching for New York Knights : LHP Leo Huggins | Pitching: LHP Leo Huggins | | Batting: RHB Max Jones | 0-0: Ball 1-0: Ball 2-0: Called Strike 2-1: Foul Ball, location: 2F 2-2: Ball 3-2: Base on Balls | Batting: RHB Jorge Márquez | 0-0: Ball 1-0: Ball 2-0: Called Strike 2-1: Grounds into double play, 5-4-3 (Groundball, 5L) | Batting: RHB Luis Cruz | 0-0: Foul Ball, location: 2F 0-1: Ball 1-1: Ball 2-1: Foul Ball, location: 2F 2-2: Ball 3-2: Base on Balls | Batting: LHB Pablo Reyes | 0-0: Called Strike 0-1: Ball 1-1: Fly out, F7 (Flyball, 78S) | Bottom of the 1st over - 0 runs, 0 hits, 0 errors, 1 left on base; New York 0 - Nevada 0 | TOP OF THE 2ND |
---|
New York Knights batting - Pitching for Nevada Noise : RHP José López | Batting: RHB Steve Sampson | 0-0: SINGLE (Groundball, 6MD) | Batting: RHB Felipe Rodríguez | 0-0: Ball 1-0: DOUBLE (Line Drive, 8RXD) Steve Sampson to third | Batting: RHB Jacob Pope | 0-0: Ball 1-0: Foul Ball, location: 2F 1-1: Fly out, F8 (Flyball, 8RM) Runner from 3rd tags up, SCORES, throw made | Batting: LHB José Peralta | 0-0: Ball 1-0: Foul Ball, location: 2F 1-1: Ball 2-1: Foul Ball, location: 2F 2-2: Ball 3-2: Foul Ball, location: 2F 3-2: Foul Ball, location: 2F 3-2: Ground out 4-3 (Groundball, 4) Felipe Rodríguez to third | Batting: LHB Mike Harris | 0-0: Ball 1-0: Ball 2-0: Foul Ball, location: 2F 2-1: Called Strike 2-2: Ball 3-2: Foul Ball, location: 2F 3-2: Strikes out swinging | Top of the 2nd over - 1 run, 2 hits, 0 errors, 1 left on base; New York 1 - Nevada 0 | BOTTOM OF THE 2ND |
---|
Nevada Noise batting - Pitching for New York Knights : LHP Leo Huggins | Batting: RHB Dexter Potter | 0-0: Called Strike 0-1: Ground out 6-3 (Groundball, 6) | Batting: RHB Bill Mark | 0-0: Ground out 5-3 (Groundball, 56) | Batting: LHB Milton Watson | 0-0: Called Strike 0-1: Foul Ball, location: 2F 0-2: Foul Ball, location: 2F 0-2: Ball 1-2: Ball 2-2: Ground out 4-3 (Groundball, 4) | Bottom of the 2nd over - 0 runs, 0 hits, 0 errors, 0 left on base; New York 1 - Nevada 0 | TOP OF THE 3RD |
---|
New York Knights batting - Pitching for Nevada Noise : RHP José López | Batting: RHB Lonnie Anderson | 0-0: Called Strike 0-1: Ball 1-1: Ball 2-1: Swinging Strike 2-2: Strikes out swinging | Batting: LHB Warren Potter | 0-0: Swinging Strike 0-1: Swinging Strike 0-2: Ground out 3-1 (Groundball, 34S) | Batting: RHB Vic Langlois | 0-0: Called Strike 0-1: Ball 1-1: Called Strike 1-2: Ball 2-2: Strikes out swinging | Top of the 3rd over - 0 runs, 0 hits, 0 errors, 0 left on base; New York 1 - Nevada 0 | BOTTOM OF THE 3RD |
---|
Nevada Noise batting - Pitching for New York Knights : LHP Leo Huggins | Batting: RHB Juan Estrada | 0-0: Swinging Strike 0-1: Called Strike 0-2: Ball 1-2: Ground out 6-3 (Groundball, 6) | Batting: LHB Raúl Morales | 0-0: Ball 1-0: Foul Ball, location: 2F 1-1: Ball 2-1: Ball 3-1: Called Strike 3-2: Ground out 5-3 (Groundball, 56) | Batting: RHB Max Jones | 0-0: Ball 1-0: Called Strike 1-1: Foul Ball, location: 2F 1-2: SINGLE (Groundball, 6M) (infield hit) | Batting: RHB Jorge Márquez | 0-0: Ball 1-0: Fly out, F9 (Line Drive, 89D) | Bottom of the 3rd over - 0 runs, 1 hit, 0 errors, 1 left on base; New York 1 - Nevada 0 | TOP OF THE 4TH |
---|
New York Knights batting - Pitching for Nevada Noise : RHP José López | Batting: RHB Pepe Carrasco | 0-0: Swinging Strike 0-1: Ball 1-1: Swinging Strike 1-2: Ball 2-2: Strikes out swinging | Batting: RHB Steve Sampson | 0-0: Ball 1-0: Swinging Strike 1-1: Ground out 6-3 (Groundball, 6) | Batting: RHB Felipe Rodríguez | 0-0: Foul Ball, location: 2F 0-1: Ball 1-1: Foul Ball, location: 2F 1-2: Ball 2-2: Strikes out swinging | Top of the 4th over - 0 runs, 0 hits, 0 errors, 0 left on base; New York 1 - Nevada 0 | BOTTOM OF THE 4TH |
---|
Nevada Noise batting - Pitching for New York Knights : LHP Leo Huggins | Batting: RHB Luis Cruz | 0-0: Swinging Strike 0-1: Ball 1-1: Foul Ball, location: 2F 1-2: Ground out 5-3 (Groundball, 56S) | Batting: LHB Pablo Reyes | 0-0: Swinging Strike 0-1: Called Strike 0-2: Ball 1-2: Foul Ball, location: 2F 1-2: Fly out, F7 (Flyball, 7LD) | Batting: RHB Dexter Potter | 0-0: Called Strike 0-1: Ball 1-1: Fly out, F9 (Flyball, 89M) | Bottom of the 4th over - 0 runs, 0 hits, 0 errors, 0 left on base; New York 1 - Nevada 0 | TOP OF THE 5TH |
---|
New York Knights batting - Pitching for Nevada Noise : RHP José López | Pitching: RHP Manuel González | | Batting: RHB Jacob Pope | 0-0: SINGLE (Groundball, 34D) | Batting: LHB José Peralta | 0-0: Ball 1-0: Ball 2-0: 2-RUN HOME RUN (Flyball, 7LD), Distance : 345 ft | Batting: LHB Mike Harris | 0-0: SINGLE (Line Drive, 6) | Batting: RHB Lonnie Anderson | 0-0: Swinging Strike 0-1: Grounds into double play, 4-6-3 (Groundball, 4) | Batting: LHB Warren Potter | 0-0: Called Strike 0-1: Called Strike 0-2: Ground out 6-3 (Groundball, 6MD) | Top of the 5th over - 2 runs, 3 hits, 0 errors, 0 left on base; New York 3 - Nevada 0 | BOTTOM OF THE 5TH |
---|
Nevada Noise batting - Pitching for New York Knights : LHP Leo Huggins | Pitching: LHP Juan Ortíz | | Batting: RHB Bill Mark | 0-0: Ball 1-0: Ball 2-0: Swinging Strike 2-1: Called Strike 2-2: Ball 3-2: Strikes out looking | Batting: LHB Milton Watson | 0-0: Swinging Strike 0-1: Ball 1-1: Ball 2-1: Swinging Strike 2-2: Strikes out swinging | Batting: RHB Juan Estrada | 0-0: Ground out 6-3 (Groundball, 56) | Bottom of the 5th over - 0 runs, 0 hits, 0 errors, 0 left on base; New York 3 - Nevada 0 | TOP OF THE 6TH |
---|
New York Knights batting - Pitching for Nevada Noise : RHP Manuel González | Batting: RHB Vic Langlois | 0-0: Swinging Strike 0-1: Called Strike 0-2: Ball 1-2: Strikes out swinging | Batting: RHB Pepe Carrasco | 0-0: Foul Ball, location: 2F 0-1: Called Strike 0-2: Ground out 6-3 (Groundball, 6) | Batting: RHB Steve Sampson | 0-0: Called Strike 0-1: Foul Ball, location: 2F 0-2: Strikes out swinging | Top of the 6th over - 0 runs, 0 hits, 0 errors, 0 left on base; New York 3 - Nevada 0 | BOTTOM OF THE 6TH |
---|
Nevada Noise batting - Pitching for New York Knights : LHP Juan Ortíz | Batting: LHB Raúl Morales | 0-0: Foul Ball, location: 2F 0-1: Ball 1-1: Ball 2-1: SINGLE (Groundball, 34) (infield hit) | Batting: RHB Max Jones | 0-0: Ball 1-0: Called Strike 1-1: Called Strike 1-2: Fielders Choice at 2nd, 3-6 (Groundball, 3) | Batting: RHB Jorge Márquez | 0-0: Called Strike 0-1: Called Strike 0-2: Reached on error, E1 (Groundball, P) Max Jones to second | Batting: RHB Luis Cruz | 0-0: Called Strike Max Jones steals 3rd base 0-1: Foul Ball, location: 2F 0-2: Ball 1-2: Foul Ball, location: 2F 1-2: Foul Ball, location: 2F 1-2: Ball 2-2: Ball 3-2: Foul Ball, location: 2F 3-2: Base on Balls Jorge Márquez to second | Batting: LHB Pablo Reyes | 0-0: Foul Ball, location: 2F 0-1: Called Strike 0-2: Ball 1-2: Strikes out looking | Batting: RHB Dexter Potter | 0-0: Foul Ball, location: 2F 0-1: Fly out, F9 (Flyball, 9S) | Bottom of the 6th over - 0 runs, 1 hit, 1 error, 3 left on base; New York 3 - Nevada 0 | TOP OF THE 7TH |
---|
New York Knights batting - Pitching for Nevada Noise : RHP Manuel González | Batting: RHB Felipe Rodríguez | 0-0: Called Strike 0-1: Ball 1-1: Called Strike 1-2: Foul Ball, location: 2F 1-2: Foul Ball, location: 2F 1-2: Foul Ball, location: 2F 1-2: SINGLE (Line Drive, 7S) | Batting: RHB Jacob Pope | 0-0: Foul Ball, location: 2F 0-1: Bunted foul 0-2: Grounds into double play, 5-4-3 (Groundball, 5) | Batting: LHB José Peralta | 0-0: Ground out 4-3 (Groundball, 4) | Top of the 7th over - 0 runs, 1 hit, 0 errors, 0 left on base; New York 3 - Nevada 0 | BOTTOM OF THE 7TH |
---|
Nevada Noise batting - Pitching for New York Knights : LHP Juan Ortíz | Batting: RHB Bill Mark | 0-0: Ball 1-0: Foul Ball, location: 2F 1-1: Swinging Strike 1-2: Foul Ball, location: 2F 1-2: Strikes out swinging | Batting: LHB Milton Watson | 0-0: Swinging Strike 0-1: Ball 1-1: Ball 2-1: Foul Ball, location: 2F 2-2: Ball 3-2: Fly out, F6 (Popup, 6D) | Batting: RHB Juan Estrada | 0-0: Ball 1-0: Called Strike 1-1: Foul Ball, location: 2F 1-2: Fly out, F7 (Flyball, 7LS) | Bottom of the 7th over - 0 runs, 0 hits, 0 errors, 0 left on base; New York 3 - Nevada 0 | TOP OF THE 8TH |
---|
New York Knights batting - Pitching for Nevada Noise : RHP Manuel González | Pitching: RHP Luis Cortéz | | Batting: LHB Mike Harris | 0-0: Called Strike 0-1: SINGLE (Groundball, 34D) | Pinch Hitting: RHB Ron Shelton | 0-0: Bunted foul 0-1: Ball 1-1: Ball 2-1: Sac Bunt - play at first, batter OUT! 1-4 Mike Harris to second | Pinch Hitting: LHB Marcos Pérez | 0-0: Foul Ball, location: 2F 0-1: Foul Ball, location: 2F 0-2: Ball 1-2: Foul Ball, location: 2F 1-2: Fly out, F7 (Line Drive, 7LM) | Pinch Hitting: LHB Dan Hamilton | 0-0: Foul Ball, location: 2F 0-1: Ball 1-1: Called Strike 1-2: TRIPLE (Line Drive, 8RXD) Mike Harris scores | Pinch Hitting: LHB Arthur Hall | 0-0: Foul Ball, location: 2F 0-1: Ball 1-1: Ball 2-1: Ball 3-1: Foul Ball, location: 2F 3-2: Ground out 5-3 (Groundball, 56) | Top of the 8th over - 1 run, 2 hits, 0 errors, 1 left on base; New York 4 - Nevada 0 | BOTTOM OF THE 8TH |
---|
Nevada Noise batting - Pitching for New York Knights : LHP Juan Ortíz | Now at 2B: Dan Hamilton | | Now at 3B: Héctor Vázquez | | Now at SS: Bernardo Rodríguez | | Now in RF: Marcos Pérez | | Batting: LHB Raúl Morales | 0-0: Called Strike 0-1: Ground out U3 (Groundball, 3S) | Pinch Hitting: RHB Pedro Rosado | 0-0: Called Strike 0-1: Foul Ball, location: 2F 0-2: Ball 1-2: Foul Ball, location: 2F 1-2: Ball 2-2: Ground out 4-3 (Groundball, 4) | Pinch Hitting: RHB Rich Ruffin | 0-0: Called Strike 0-1: Swinging Strike 0-2: Ball 1-2: Ball 2-2: Ball 3-2: Strikes out swinging | Bottom of the 8th over - 0 runs, 0 hits, 0 errors, 0 left on base; New York 4 - Nevada 0 | TOP OF THE 9TH |
---|
New York Knights batting - Pitching for Nevada Noise : RHP Luis Cortéz | Now at SS: Fernando Gálvez | | Now in RF: Pedro Rosado | | Pinch Hitting: RHB Richie Miller | 0-0: Ground out U3 (Groundball, 34) | Pinch Hitting: LHB Richard Olvera | 0-0: Ground out U3 (Groundball, 3L) | Pinch Hitting: LHB Frank Young | 0-0: Called Strike 0-1: SINGLE (Groundball, 4MD) | Batting: LHB Keith Green | 0-0: Swinging Strike 0-1: Ball 1-1: Called Strike 1-2: Ball 2-2: Strikes out swinging | Top of the 9th over - 0 runs, 1 hit, 0 errors, 1 left on base; New York 4 - Nevada 0 | BOTTOM OF THE 9TH |
---|
Nevada Noise batting - Pitching for New York Knights : LHP Juan Ortíz | Pitching: RHP Sancho Mendoza | | Now at C: Richie Miller | | Now at 1B: Frank Young | | Now in LF: Richard Olvera | | Batting: RHB Luis Cruz | 0-0: Called Strike 0-1: Ground out 4-3 (Groundball, 34D) | Batting: LHB Pablo Reyes | 0-0: Ball 1-0: Ball 2-0: Foul Ball, location: 2F 2-1: Swinging Strike 2-2: Ball 3-2: Reached on error, E3 (Groundball, 3S) | Pinch Hitting: SHB Víctor Serrano | 0-0: Ball 1-0: Ball 2-0: Grounds into double play, 4-6-3 (Groundball, 4M) | Bottom of the 9th over - 0 runs, 0 hits, 1 error, 0 left on base; New York 4 - Nevada 0 | |